 Dungeon Crawl Stone Soup version 0.29-a0-194-g6e3aafee17 (webtiles) character file.

Game seed: 17604925039184834889

1418 drugrobin the Poker (level 8, -3/60 HPs)
             Began as a Demigod Warper on Feb 23, 2022.
             Killed by divine providence
             ... invoked by an orc priest
              (14 damage)
             ... on level 7 of the Dungeon.
             The game lasted 00:30:58 (8764 turns).

drugrobin the Poker (Demigod Warper)                Turns: 8764, Time: 00:30:59

Health: -3/60      AC:  7    Str: 20    XL:     8   Next: 20%
Magic:  22/22      EV: 13    Int: 15    God:
Gold:   169        SH:  0    Dex: 26    Spells: 2/10 levels left

rFire   . . .      SeeInvis .   a - +0 trident
rCold   x . .      Faith    .   (no shield)
rNeg    . . .      Spirit   .   l - +0 robe of Ethics {rPois rC- Dex+7 Archmagi}
rPois   +          Reflect  .   C - +0 hat
rElec   .          Harm     .   k - +0 cloak
rCorr   .          Rampage  .   i - +2 pair of gloves
Will    .....      Archmagi +   G - +0 pair of boots
Stlth   +++.......              x - amulet of the acrobat
HPRegen 0.20/turn               v - ring of magical power
MPRegen 0.18/turn               D - +6 ring of dexterity

@: brilliant
A: high MP 1, forlorn, divine attributes
a: no special abilities


You were on level 7 of the Dungeon.
You visited 1 branch of the dungeon, and saw 7 of its levels.

You collected 362 gold pieces.
You spent 193 gold pieces at shops.

Inventory:

Hand Weapons
 a - a +0 trident (weapon)
 b - a +0 hunting sling
 B - a +0 spear
Missiles
 d - 5 boomerangs of dispersal
 f - 242 stones (quivered)
 p - 5 datura-tipped darts
 q - 7 poisoned darts
 A - a throwing net
Armour
 i - a +2 pair of gloves (worn)
 k - a +0 cloak (worn)
 l - the +0 robe of Ethics (worn) {rPois rC- Dex+7 Archmagi}
   (You found it on level 2 of the Dungeon)

   Dex:       It affects your dexterity (+7).
   rC:        It makes you vulnerable to cold.
   rPois:     It protects you from poison.
   Archmagi:  It increases the power of your magical spells.
 s - a +2 kite shield
 w - an orb of guile
 C - a +0 hat (worn)
 F - the +0 robe of Wyuxt {rElec Archmagi}
   (You bought it in a shop on level 6 of the Dungeon)

   rElec:     It insulates you from electricity.
   Archmagi:  It increases the power of your magical spells.
 G - a +0 pair of boots (worn)
Jewellery
 v - a ring of magical power (left hand)
 x - an amulet of the acrobat (around neck)
 D - a +6 ring of dexterity (right hand)
Wands
 o - a wand of mindburst (3)
 r - a wand of flame (2)
Scrolls
 c - 3 scrolls of blinking
 e - a scroll of fog {unknown}
 m - 3 scrolls of summoning {unknown}
 u - a scroll of teleportation {unknown}
 y - 2 scrolls of immolation {unknown}
 z - 2 scrolls of identify {unknown}
 E - a scroll of noise {unknown}
 I - a scroll of torment {unknown}
Potions
 g - a potion of invisibility {unknown}
 h - 2 potions of brilliance
 j - 2 potions of curing {unknown}
 n - a potion of heal wounds {unknown}
 t - 2 potions of berserk rage {unknown}
 H - a potion of mutation {unknown}


   Skills:
 - Level 1.7 Fighting
 + Level 7.1 Polearms
 - Level 0.8 Throwing
 - Level 0.8 Armour
 - Level 1.7 Dodging
 - Level 2.0 Stealth
 - Level 1.7 Spellcasting
 + Level 6.8 Translocations


You had 2 spell levels left.
You knew the following spells:

 Your Spells              Type           Power      Damage    Failure   Level
a - Blink                 Tloc           98%        N/A       1%          2
b - Teleport Other        Tloc           49%        N/A       4%          3
c - Gell's Gravitas       Tloc           49%        N/A       4%          3

Your spell library contained the following spells:

 Spells                   Type           Power      Damage    Failure   Level
 Lesser Beckoning         Tloc           49%        N/A       4%          3
 Passage of Golubria      Tloc           49%        N/A       14%         4
 Manifold Assault         Tloc           49%        N/A       36%         5
 Dazzling Flash           Conj/Hex       4%         N/A       56%         3
 Tukima's Dance           Hex            2%         N/A       56%         3
 Agony                    Necr           2%         N/A       99%         5
 Silence                  Hex/Air        1%         N/A       99%         5
 Yara's Violent Unravell  Hex/Tmut       1%         3d3       99%         5


Dungeon Overview and Level Annotations

Branches:
Dungeon (7/15)             Temple (0/1) D:5

Shops:
D:6 [

Annotations:
D:3 Grinder, Natasha
D:6 exclusion: ogre, Maggie


Innate Abilities, Weirdness & Mutations

You have an increased reservoir of magic. (+10% MP)
You shall have no god before yourself.
Your divine heritage dramatically boosts your attributes as you level up.


Message History

There is a stone staircase leading up here.
Unknown command.
Unknown command.
Unknown command.
Unknown command.
Okay, then.
Unknown command.
Okay, then.
Unknown command.
Unknown command.
Unknown command.
Unknown command.
Unknown command.
The orc priest mumbles some strange prayers to Beogh against you.
Beogh smites you!
* * * LOW HITPOINT WARNING * * *
Unknown command.
Found 12 gold pieces.
Unknown command.
Unknown command.
Unknown command.
Unknown command.
Unknown command.
Okay, then.
Unknown command.
Unknown command.
Unknown command.
Unknown command.
Unknown command.
Unknown command.
Unknown command.
You see here 12 gold pieces.
The orc priest invokes the aid of Beogh against you.
Beogh smites you!
* * * LOW HITPOINT WARNING * * *
It was a potion of brilliance.
You feel clever all of a sudden.
The orc priest mumbles some strange prayers to Beogh against you.
Beogh smites you!
You die...

..............
........$....
#........$#
##...<.....
###.........#
##............
###.o#..........
###.o.o...........
#@lo.###.........#
###### ##....?..##
##.....## #######


You could see an iguana, an orc priest, an orc wizard and 2 orcs.

Vanquished Creatures
  A steam dragon (D:7)
  A sky beast (D:6)
  3 necrophages
  An orc warrior (D:4)
  A centaur (D:6)
  A phantom (D:5)
  A scorpion (D:4)
  A centaur zombie (D:6)
  6 hounds
  A jelly (D:4)
  2 bullfrog skeletons
  An iron imp (D:5)
  An orc wizard (D:4)
  4 iguanas
  A killer bee zombie (D:7)
  A howler monkey skeleton (D:7)
  6 adders
  An ufetubus (D:5)
  5 worms
  5 dart slugs
  5 orcs
  6 bats
  9 endoplasms
  4 giant cockroaches
  8 goblins
  7 hobgoblins
  2 quokkas (D:1)
  4 ball pythons
  3 frilled lizards
  11 kobolds
  7 rats
110 creatures vanquished.

Notes
Turn   | Place    | Note
-------+----------+-------------------------------------------
     0 | D:1      | drugrobin the Demigod Warper began the quest for the Orb.
     0 | D:1      | Reached XP level 1. HP: 17/17 MP: 5/5
   112 | D:1      | Reached skill level 2 in Polearms
   293 | D:1      | Reached XP level 2. HP: 24/24 MP: 7/7
   311 | D:1      | Learned a level 2 spell: Blink
   707 | D:1      | Reached skill level 3 in Polearms
   990 | D:1      | Reached XP level 3. HP: 28/29 MP: 8/8
  1010 | D:1      | Learned a level 3 spell: Teleport Other
  1432 | D:2      | Identified the +0 robe of Ethics {rPois rC- Dex+7 Archmagi}
  2887 | D:3      | Reached XP level 4. HP: 36/36 MP: 9/9
  2935 | D:3      | Noticed Grinder
  3078 | D:3      | Reached skill level 4 in Polearms
  3445 | D:3      | Noticed Natasha
  4011 | D:4      | Reached XP level 5. HP: 32/41 MP: 10/10
  4417 | D:4      | Noticed a necrophage
  4437 | D:4      | Killed a necrophage
  4438 | D:4      | Reached XP level 6. HP: 35/48 MP: 11/11
  4537 | D:4      | Reached skill level 5 in Polearms
  4836 | D:4      | Learned a level 3 spell: Gell's Gravitas
  5187 | D:4      | Reached skill level 5 in Translocations
  5487 | D:5      | Entered Level 5 of the Dungeon
  5630 | D:5      | Found a staircase to the Ecumenical Temple.
  6214 | D:5      | Reached skill level 1 in Stealth
  6214 | D:5      | Reached XP level 7. HP: 51/53 MP: 12/12
  6260 | D:5      | Reached skill level 6 in Polearms
  7487 | D:6      | Found Detoeq's Antique Armour Emporium.
  7492 | D:6      | Bought a faintly glowing robe for 193 gold pieces
  7492 | D:6      | Identified the +0 robe of Wyuxt {rElec Archmagi} (You
                  | bought it in a shop on level 6 of the Dungeon)
  7788 | D:6      | Noticed Maggie
  8408 | D:7      | Reached XP level 8. HP: 53/60 MP: 13/13
  8605 | D:6      | Reached skill level 7 in Polearms
  8764 | D:7      | Killed from afar by an orc priest

Illustrated notes

Levels and vault maps discovered:
D:1:      minmay_arrival_checkered_box, layout_loops_ring, serial_forest,
          infiniplex_forest_end_2, infiniplex_forest_lined_corner,
          infiniplex_forest_straight_4, infiniplex_forest_corner_1,
          infiniplex_forest_corner_1, infiniplex_forest_end_2,
          infiniplex_forest_end_2
D:2:      layout_loops_ring, nicolae_ecumenical_lake_church
D:3:      minmay_wonky_spiral, layout_loops_ring, lemuel_doored_altar,
          vehumet_altar_wand_db, uniq_natasha, uniq_grinder, uniq_ijyb
D:4:      layout_basic
D:5:      layout_layer_cave, slow_altar_1, grunt_dithmenos_shadows,
          minmay_temple_entry_mist, minmay_misc_feat_cross
D:6:      layout_layer_cave, serial_shops, kennysheep_little_box,
          hangedman_decor_clover_reticule, pf_guarded_unrand_meek, uniq_maggie
D:7:      layout_rooms, nicolae_overflow_hallway_of_the_gods,
          minmay_misc_feat_alley, minmay_door_square

Skill      XL: |  1  2  3  4  5  6  7  8 |
---------------+-------------------------+-----
Polearms       | 2 3 4 5 6 7 |  7.1
Translocations | 3 4 5 6 |  6.8
Stealth        | 1 2 |  2.0
Fighting       | |  1.7
Throwing       | |  0.8
Armour         | |  0.8
Dodging        | |  1.7
Spellcasting   | |  1.7

Action                   |  1- 3 |  4- 6 |  7- 9 || total
-------------------------+-------+-------+-------++-------
Melee: Spear             |   249 |   188 |       ||   437
       Punch             |     3 |     1 |     3 ||     7
       Trident           |       |    46 |    80 ||   126
 Fire: Hunting sling     |       |    29 |    24 ||    53
Throw: Stone             |    22 |     3 |       ||    25
       Dart              |       |     8 |     5 ||    13
       Throwing net      |       |       |     1 ||     1
 Cast: Blink             |     1 |     6 |     4 ||    11
       Teleport Other    |       |     6 |     1 ||     7
Evoke: Wand              |       |     5 |     3 ||     8
  Use: Potion            |       |       |     1 ||     1
 Stab: Sleeping          |     2 |     4 |     3 ||     9
       Distracted        |     1 |       |       ||     1
Armor: Leather armour    |    25 |       |       ||    25
       Robe              |    10 |    39 |    27 ||    76
Dodge: Dodged            |    67 |   139 |    48 ||   254

Table legend: (Time is in decaauts)
 A = Elapsed time spent in this place.
 B = Non-inter-level travel time spent in this place.
 C = Inter-level travel time spent in this place.
 D = Time resting spent in this place.
 E = Time spent auto-exploring this place.
 F = Levels seen in this place.
 G = Mean time per level.
                   A        B        C        D        E       F      G
               +--------+--------+--------+--------+--------+-----+--------+
         Total |   8739 |   8154 |    585 |   2059 |   3327 |   7 | 1248.4 |
       Dungeon |   8739 |   8154 |    585 |   2059 |   3327 |   7 | 1248.4 |
               +--------+--------+--------+--------+--------+-----+--------+

Top non-repeatable levels by time:
     D:4: 2073 daAuts
     D:1: 1663 daAuts
     D:5: 1472 daAuts
     D:6: 1456 daAuts
     D:2: 1295 daAuts
     D:3: 712 daAuts
     D:7: 64 daAuts
